 Dungeon Crawl Stone Soup version 0.23-a0-373-g305c090 (webtiles) character file.

28 lul123 the Skirmisher (level 3, 25/29 HPs)
             Began as a Demonspawn Chaos Knight on Oct 25, 2018.
             Was a Plaything of Xom.
             Quit the game on level 2 of the Dungeon.
             The game lasted 00:01:13 (807 turns).

lul123 the Skirmisher (Demonspawn Chaos Knight)      Turns: 807, Time: 00:01:13

Health: 25/29      AC:  6    Str: 13    XL:     3   Next: 0%
Magic:  3/3        EV: 11    Int: 13    God:    Xom [..*...]
Gold:   22         SH:  0    Dex: 12    Spells: 2/2 levels left

rFire    . . .     SeeInvis .   a - +0 falchion (chaos)
rCold    . . .     Gourm    .   (no shield)
rNeg     . . .     Faith    .   b - +2 leather armour
rPois    .         Spirit   .   (no helmet)
rElec    .         Reflect  .   (no cloak)
rCorr    .         Harm     .   f - +0 pair of gloves
MR       .....                  (no boots)
Stlth    +.........             (no amulet)
HPRegen  0.09/turn              (no ring)
MPRegen  0.08/turn              (no ring)

@: no status effects
A: claws 1, hooves 1
a: Renounce Religion


You were on level 2 of the Dungeon.
You worshipped Xom.
You were a toy of Xom.
You were not hungry.

You visited 1 branch of the dungeon, and saw 2 of its levels.

You collected 22 gold pieces.

Inventory:

Hand Weapons
 a - a +0 falchion of chaos (weapon)
Armour
 b - a +2 leather armour (worn)
 f - a +0 pair of gloves (worn)
Jewellery
 j - an uncursed ring of stealth {unknown}
Scrolls
 d - a scroll of magic mapping {unknown}
 e - a scroll of amnesia {unknown}
Potions
 g - a potion of flight {unknown}
 h - a potion of heal wounds {unknown}
 i - 3 potions of haste {unknown}
Comestibles
 c - 2 rations


   Skills:
 + Level 3.5 Fighting
 + Level 3.0 Long Blades
 + Level 2.1 Armour
 + Level 1.2 Dodging


You had 2 spell levels left.
You didn't know any spells.
Your spell library was empty.

Dungeon Overview and Level Annotations

Branches:
Dungeon (2/15)

Altars:
Qazlal


Innate Abilities, Weirdness & Mutations

You have sharp fingernails.
You have large cloven feet.


Message History

You barely miss the frilled lizard.
The ball python hisses angrily.
Your kick misses the frilled lizard. The frilled lizard misses you.
You riposte.
You hit the frilled lizard but do no damage.
You hit the frilled lizard.
The frilled lizard is heavily wounded.
The frilled lizard bites you.
You barely miss the frilled lizard.
The frilled lizard is heavily wounded.
The frilled lizard closely misses you. The frilled lizard bites you.
You closely miss the frilled lizard. You kick the frilled lizard.
You kill the frilled lizard!
You have reached level 3!
Your experience leads to an increase in your attributes!
Increase (S)trength, (I)ntelligence, or (D)exterity?
You feel stronger.
Your demonic ancestry asserts itself...
Your fingernails lengthen.
Xom is interested.
Are you sure you want to abandon this character and quit the game? (Confirm

##...## #.# ...#
#...... #(##...
###...## #..... .
#....... #....
....#.##.##.
#.........#.#.....
#.. ..... .....##.
#S####.####.## #.
#@##.....##.#####.
#.#.......#.......
#.#.......#..#####
#....._......# #.
#.#.......#..# #.
#.#.......#..# #
#.##.....##..#
#.####.####..#
#............#


You could see a ball python.

Vanquished Creatures
  2 dart slugs (D:1)
  A leopard gecko (D:1)
  A giant cockroach (D:1)
  2 hobgoblins (D:1)
  2 bats (D:1)
  4 frilled lizards
  6 goblins (D:1)
  3 kobolds (D:1)
  4 rats (D:1)
25 creatures vanquished.

Notes
Turn   | Place    | Note
-------+----------+-------------------------------------------
     0 | D:1      | lul123 the Demonspawn Chaos Knight began the quest for the
                  | Orb.
     0 | D:1      | Reached XP level 1. HP: 18/18 MP: 1/1
   244 | D:1      | Gained mutation: You have large cloven feet. [demonic
                  | ancestry]
   244 | D:1      | Reached XP level 2. HP: 21/24 MP: 2/2
   272 | D:1      | XOM: harmless Air miscast
   387 | D:1      | Reached skill level 1 in Dodging
   782 | D:2      | Found a stormy altar of Qazlal.
   806 | D:2      | Gained mutation: You have sharp fingernails. [demonic
                  | ancestry]
   806 | D:2      | Reached XP level 3. HP: 24/29 MP: 3/3
   807 | D:2      | Quit the game

Vault maps used:
D:1:      nzn_arrival_depleted_hourglass
D:2:      cheibrodos_greedy_goblins, nicolae_overflow_crystal_walls,
          old_standard_altar, lemuel_round_altar

Skill      XL: |  1  2 |
---------------+-------+-----
Armour         | 2 |  2.1
Dodging        | 1 |  1.2
Long Blades    | 3 |  3.0
Fighting       | |  3.5

Action                   || total
-------------------------++-------
Melee: Falchion          ||    61
       Kick              ||     7
 Stab: Confused          ||     1
Armor: Leather armour    ||    14
Dodge: Dodged            ||    32
       Rpst.: Falchion   ||     6

Table legend:
 A = Non-vault XP
 B = Vault XP
 C = Vault XP percentage of total XP
 D = Non-vault monster count
 E = Vault monster count
 F = Vault count percentage of total count
                 A         B        C        D         E       F
            +---------+---------+-------+---------+---------+-------
      Total |      41 |       0 |   0.0 |      25 |       0 |   0.0
            +---------+---------+-------+---------+---------+-------
        D:1 |      38 |       0 |   0.0 |      22 |       0 |   0.0
        D:2 |       3 |       0 |   0.0 |       3 |       0 |   0.0
            +---------+---------+-------+---------+---------+-------
